 Dungeon Crawl Stone Soup version 0.21.1-1-g345015f (webtiles) character file.

4956 Clueless the Infuser (level 10, -1/65 HPs)
             Began as a Halfling Skald on Mar 30, 2018.
             Was a Priest of Okawaru.
             Shot with an arrow by a centaur (12 damage)
             ... on level 8 of the Dungeon.
             The game lasted 00:49:14 (10904 turns).

Clueless the Infuser (Halfling Skald)              Turns: 10904, Time: 00:49:14

Health: -1/65      AC: 10    Str: 12    XL:     10   Next: 82%
Magic:  16/25      EV: 22    Int: 13    God:    Okawaru [***...]
Gold:   493        SH:  0    Dex: 16    Spells: 1/17 levels left

rFire    . . .     SeeInvis .   a - +3 rapier
rCold    . . .     Gourm    .   (shield restricted)
rNeg     . . .     Faith    +   o - +0 leather armour
rPois    .         Spirit   .   A - +1 helmet
rElec    .         Reflect  .   r - +0 cloak
rCorr    .         Harm     .   l - +1 pair of gloves
MR       .....                  (no boots)
Stlth    +++.......             v - amulet of faith
HPRegen  0.20/turn              C - ring of magical power
MPRegen  0.19/turn              (no ring)

@: heroism, shrouded, infused
A: small, mutation resistance 1
a: Heroism, Renounce Religion


You were on level 8 of the Dungeon.
You worshipped Okawaru.
Okawaru was most pleased with you.
You were near starving.

You visited 1 branch of the dungeon, and saw 9 of its levels.

You collected 493 gold pieces.

Inventory:

Hand Weapons
 a - a +3 rapier (weapon)
 b - a +0 hunting sling
 t - a +1 hand axe of chopping
 w - a cursed +2 mace of freezing
 M - a +5 falchion
 O - a +0 spear of venom
 P - a cursed -1 war axe
Missiles
 y - 142 stones (quivered)
 F - 60 sling bullets
Armour
 l - a +1 pair of gloves (worn)
 o - a +0 leather armour (worn)
 r - a +0 cloak (worn)
 A - a +1 helmet (worn)
 N - the +3 plate armour of the Meadowlark {MP+9}
   (You found it on level 7 of the Dungeon)

   It affects your magic capacity (+9).
Jewellery
 v - an amulet of faith (around neck)
 x - an uncursed ring of fire
 C - a ring of magical power (left hand)
Wands
 q - a wand of polymorph (5)
 B - a wand of random effects (44)
 E - a wand of disintegration (17)
Scrolls
 e - 2 scrolls of amnesia {unknown}
 g - 3 scrolls of teleportation {unknown}
 h - 2 scrolls of fear
 k - 2 scrolls of magic mapping {unknown}
 n - a scroll of random uselessness {unknown}
 p - 10 scrolls of remove curse
 s - a scroll of enchant weapon {unknown}
 G - 2 scrolls of blinking {unknown}
 H - 2 scrolls of fog {unknown}
 I - 2 scrolls of enchant armour {unknown}
 L - a scroll of summoning {unknown}
Potions
 f - 3 potions of flight
 i - 3 potions of haste {unknown}
 j - 2 potions of lignification {unknown}
 m - 3 potions of agility
 u - 3 potions of curing
 z - 2 potions of heal wounds {unknown}
 D - 2 potions of degeneration {unknown}
 J - 2 potions of magic {unknown}
Books
 c - a book of Battle

   Spells                             Type                      Level
   a - Infusion                       Charms                       1
   b - Shroud of Golubria             Charms/Translocation         2
   c - Song of Slaying                Charms                       2
   d - Spectral Weapon                Hexes/Charms                 3
   e - Regeneration                   Charms/Necromancy            3
 K - the Almanac of Augmentations and Clay
   (You found it on level 7 of the Dungeon)

   Spells                             Type                      Level
   a - Infusion                       Charms                       1
   b - Iskenderun's Battlesphere      Conjuration/Charms           5
   c - Borgnjor's Vile Clutch         Necromancy/Earth             5
   d - Shatter                        Earth                        9
Comestibles
 d - 11 rations


   Skills:
 - Level 4.8(9.8) Fighting
 - Level 6.2(11.4) Short Blades
 - Level 1.4(8.5) Long Blades
 - Level 5.9(10.9) Armour
 - Level 5.7(10.7) Dodging
 - Level 4.0 Spellcasting
 + Level 6.1 Conjurations
 - Level 8.3 Charms


You had one spell level left.
You knew the following spells:

 Your Spells              Type           Power        Failure   Level  Hunger
a - Infusion              Chrm           ###.         1%          1    None
b - Shroud of Golubria    Chrm/Tloc      ##........   7%          2    ##.....
c - Spectral Weapon       Hex/Chrm       ##......     14%         3    ###....
d - Regeneration          Chrm/Necr      ##........   14%         3    ###....
e - Song of Slaying       Chrm           ###.....     1%          2    ##.....
f - Iskenderun's Battles  Conj/Chrm      ###.....     34%         5    ######.


Dungeon Overview and Level Annotations

Branches:
Dungeon (9/15)             Temple (0/1) D:6
   Lair: D:8-11         Orc: D:9-12

Altars:
Elyvilon
Fedhas
Makhleb
Nemelex Xobeh
Okawaru
Qazlal
Trog
Uskayaw
Wu Jian
Yredelemnul
The Shining One

Shops:
D:7 :


Innate Abilities, Weirdness & Mutations

You are small and have problems with some larger weapons.
You are somewhat resistant to further mutation.


Message History

You completely miss the bullfrog.
The bullfrog is almost dead.
The orc warrior misses you.
You puncture the bullfrog!
You kill the bullfrog!
Okawaru accepts your kill. The centaur completely misses you.
The centaur misses you. The orc warrior completely misses you.
The centaur wields an uncursed shortbow.
The centaur shoots an arrow.
The arrow hits you.
* * * LOW HITPOINT WARNING * * *
Items here: ( ) [ † an arrow; a leather armour; a club; a bullfrog corpse
Casting: Infusion
Confirm with . or Enter, or press ? or * to list all spells.
Space distorts slightly along a thin shroud covering your body.
The centaur shoots an arrow.
The arrow completely misses you. The orc warrior completely misses you.
The centaur shoots an arrow.
The arrow hits you!
You die...

#.##.# #.#.# #.##.#
#.#.# #.##.# #.#.#
####.##.#####.#.#
####.............#.#
#.....oc###.######.#
#.#####># #.# #.#
####.# #(# #.#
#.##### #....# ##@#
#.# #...... #.##.#
##[.# #.# #######
#.##.###...# #.#
#.##......(# #.#
#.#######.## #.# #.#
#.# #.# #.## #.# #.#
#####..######.# #.#
### #≈≈≈≈≈.≈≈§§§#.#
#.##### ##.#


You could see an orc warrior and a centaur.

Vanquished Creatures
  A two-headed ogre (D:8)
  The ghost of jasper the Slinger, a novice HaAK of Lugonu (D:7)
  Eustachio (D:5)
  2 hungry ghosts
  Duvessa (D:5)
  A water moccasin (D:5)
  2 phantoms
  An orc warrior (D:8)
  An eye of draining (D:7)
  An ice beast (D:7)
  2 sky beasts
  4 ogres
  A centaur (D:6)
  2 bullfrogs
  Dowan (D:5)
  5 scorpions
  10 killer bees
  5 wights
  3 crimson imps
  A bullfrog zombie (D:5)
  2 hounds
  A centaur skeleton (D:4)
  3 orc priests
  Crazy Yiuf (D:2)
  2 bullfrog skeletons
  A gnoll shaman (D:3)
  3 orc wizards
  Jessica (D:2)
  Ijyb (D:5)
  Natasha (thrice) (D:2)
  4 iguanas
  2 worker ants
  A killer bee zombie (D:8)
  A worker ant zombie (D:5)
  Robin (D:4)
  8 gnolls
  7 adders
  A howler monkey skeleton (D:6)
  A shadow imp (D:7)
  4 oozes
  An adder zombie (D:8)
  2 worms (D:3)
  A dart slug (D:1)
  5 leopard geckos
  30 orcs
  6 bats
  8 giant cockroaches
  12 goblins
  4 hobgoblins
  5 jackals
  3 quokkas
  2 ball pythons
  A ball python skeleton (D:4)
  4 frilled lizards
  4 kobolds
  A leopard gecko skeleton (D:5)
  5 rats
188 creatures vanquished.

Vanquished Creatures (others)
  4 spectral weapons
4 creatures vanquished.

Grand Total: 192 creatures vanquished

Notes
Turn   | Place    | Note
-------+----------+-------------------------------------------
     0 | D:1      | Clueless the Halfling Skald began the quest for the Orb.
     0 | D:1      | Reached XP level 1. HP: 14/14 MP: 3/3
   196 | D:1      | Reached XP level 2. HP: 19/19 MP: 4/4
   200 | D:1      | Learned a level 2 spell: Shroud of Golubria
   355 | D:1      | Reached XP level 3. HP: 23/24 MP: 0/5
   848 | D:2      | Noticed Jessica
   856 | D:2      | Killed Jessica
   856 | D:2      | Reached XP level 4. HP: 24/29 MP: 2/6
   908 | D:2      | Noticed Natasha
   925 | D:2      | Killed Natasha
   925 | D:2      | Reached skill level 4 in Charms
  1270 | D:2      | Noticed Natasha
  1288 | D:2      | Killed Natasha
  1288 | D:2      | Reached XP level 5. HP: 19/34 MP: 1/7
  1491 | D:2      | Learned a level 3 spell: Spectral Weapon
  1595 | D:2      | Found a runed door.
  1599 | D:2      | Noticed Crazy Yiuf
  1618 | D:2      | Killed Crazy Yiuf
  1897 | D:2      | Noticed an ogre
  1900 | D:2      | Noticed Natasha
  1913 | D:2      | Killed an ogre
  1913 | D:2      | Reached XP level 6. HP: 27/41 MP: 2/9
  1921 | D:2      | Killed Natasha
  2146 | D:3      | Found a white marble altar of Elyvilon.
  2455 | D:3      | Learned a level 3 spell: Regeneration
  2699 | D:3      | HP: 2/41 [orc priest/divine providence (15)]
  3043 | D:3      | Found a stormy altar of Qazlal.
  3355 | D:4      | Reached XP level 7. HP: 45/45 MP: 3/10
  3364 | D:4      | Reached skill level 5 in Charms
  3593 | D:4      | Noticed Robin
  4034 | D:4      | Killed Robin
  4260 | D:4      | Reached XP level 8. HP: 10/52 MP: 3/12
  4895 | D:5      | Entered Level 5 of the Dungeon
  4899 | D:5      | Noticed Duvessa
  4901 | D:5      | Noticed Dowan
  4998 | D:5      | Found a basalt altar of Yredelemnul.
  5012 | D:5      | Found a glowing golden altar of the Shining One.
  5049 | D:5      | Killed Duvessa
  5049 | D:5      | Reached skill level 6 in Charms
  5063 | D:5      | Killed Dowan
  5128 | D:5      | Found a hide-covered altar of Uskayaw.
  5604 | D:5      | Noticed Ijyb
  5633 | D:5      | Killed Ijyb
  5717 | D:5      | Reached skill level 5 in Short Blades
  5972 | D:5      | Reached XP level 9. HP: 40/58 MP: 4/13
  6043 | D:5      | Learned a level 2 spell: Song of Slaying
  6093 | D:5      | Reached skill level 7 in Charms
  6433 | D:5      | Noticed Eustachio
  6454 | D:5      | Killed Eustachio
  6454 | D:5      | Reached skill level 5 in Armour
  6603 | D:5      | Found a blossoming altar of Fedhas.
  6603 | D:5      | Found a bloodstained altar of Trog.
  6604 | D:5      | Found a sparkling altar of Nemelex Xobeh.
  6794 | D:5      | Found an ornate altar of the Wu Jian Council.
  7229 | D:6      | Reached skill level 5 in Dodging
  7397 | D:6      | Found an iron altar of Okawaru.
  7406 | D:6      | Became a worshipper of Warmaster Okawaru
  7446 | D:6      | Found a staircase to the Ecumenical Temple.
  7702 | D:7      | Noticed a hornet
  8300 | D:7      | Reached * piety under Okawaru
  8361 | D:7      | Noticed jasper's ghost (novice HaAK)
  8416 | D:7      | Killed jasper's ghost
  8416 | D:7      | Reached ** piety under Okawaru
  8416 | D:7      | Reached skill level 8 in Charms
  8416 | D:7      | Reached XP level 10. HP: 23/65 MP: 15/15
  8752 | D:7      | Identified the Almanac of Augmentations and Clay
  8771 | D:7      | Learned a level 5 spell: Iskenderun's Battlesphere
  8824 | D:7      | Reached skill level 1 in Conjurations
  8841 | D:7      | Got a slimy plate armour
  8842 | D:7      | Identified the +3 plate armour of the Meadowlark {MP+9} (You found it on level 7 of the Dungeon)
  9455 | D:7      | Reached *** piety under Okawaru
  9614 | D:7      | Found Tebum's Book Shoppe.
  9858 | D:8      | Reached skill level 1 in Long Blades
 10091 | D:8      | Noticed a two-headed ogre
 10116 | D:8      | Killed a two-headed ogre
 10116 | D:8      | Reached skill level 5 in Conjurations
 10205 | D:8      | Found a burning altar of Makhleb.
 10319 | D:8      | Reached **** piety under Okawaru
 10904 | D:8      | Shot with an arrow by a centaur

Skill      XL: |  1  2  3  4  5  6  7  8  9 10 |
---------------+-------------------------------+-----
Fighting       | 2 3 4 |  4.8
Armour         | 2 3 4 5 |  5.9
Charms         | 4 5 6 8 |  8.3
Short Blades   | 3 4 5 6 |  6.2
Spellcasting   | 2 3 4 |  4.0
Dodging        | 3 4 5 |  5.7
Conjurations   | 6 |  6.1
Long Blades    | 1 |  1.4

Action                   |  1- 3 |  4- 6 |  7- 9 | 10-12 || total
-------------------------+-------+-------+-------+-------++-------
Melee: Short sword       |    79 |    93 |       |       ||   172
       Rapier            |       |    79 |   516 |   163 ||   758
       Falchion          |       |       |       |    26 ||    26
 Fire: Hunting sling     |       |       |    12 |       ||    12
 Cast: Infusion          |     3 |     7 |    19 |     5 ||    34
       Shroud of Golubri |       |     2 |    22 |    11 ||    35
       Spectral Weapon   |       |     1 |    15 |    14 ||    30
       Regeneration      |       |     1 |     8 |       ||     9
       Song of Slaying   |       |       |     1 |     3 ||     4
Invok: Heroism           |       |       |     1 |     2 ||     3
Evoke: Wand              |       |     1 |       |       ||     1
  Use: Scroll            |     1 |     1 |     5 |     1 ||     8
 Stab: Distracted        |       |     1 |       |       ||     1
  Eat: Chunk             |       |     8 |    18 |     3 ||    29
       Ration            |       |       |     1 |     3 ||     4
Armor: Leather armour    |    27 |    38 |   145 |    34 ||   244
Dodge: Dodged            |    71 |   101 |   407 |   182 ||   761
       Rpst.: Falchion   |       |       |       |     9 ||     9
